Map: Lerilak Crest

Players

mimik

  • Race: Zerg Zerg
  • League: Platinum

LilDicky - Winner!

  • Race: Terran Terran
  • League: Diamond

VOD

http://www.twitch.tv/tumescentpie

Description

Time

  • Played on: Jan. 3, 2016, 6:55 p.m.
  • Length: 10:16
Show
View Real Time Build Order
Export as new Build Order

mimik Zerg 

Build Orders: Pool First 

Get SALT Encoding   

  12  0:01  Drone  
  13  0:08  Drone  
  14  0:17  Overlord  
  14  0:27  Extractor  
  14  0:28  Extractor  
  12  0:29  Drone x2  
  16  0:35  Drone  
  17  0:48  Spawning Pool  
  17  0:49  Drone  
  17  0:55  Drone  
  18  1:17  Hatchery  
  17  1:28  Drone x3  
  20  1:32  Extractor  
  20  1:35  Queen  
  21  1:40  Overlord  
  21  1:57  Zergling x2  
  22  2:10  Drone  
  22  2:12  Queen  
  25  2:39  Drone x3  
  25  2:40  Drone  
  29  2:44  Queen  
  29  2:46  Overlord  
  29  2:50  Zergling x6  
  33  3:03  Drone x2  
  33  3:04  Metabolic Boost  
  35  3:10  Baneling Nest  
  34  3:21  Overlord  
  34  3:27  Drone  
  34  3:29  Overlord  
  36  3:41  Drone x5  
  36  3:42  Drone x2  
  36  3:46  Roach Warren  
  41  3:50  Lair  
  41  3:53  Extractor  
  41  3:54  Drone x4  
  44  4:00  Drone x2  
  46  4:03  Overlord  
  46  4:10  Drone  
  46  4:11  Drone  
  46  4:16  Drone x2  
  50  4:21  Extractor  
  49  4:37  Drone x2  
  49  4:38  Drone  
  52  4:39  Drone x3  
  52  4:43  Hatchery, Overlord  
  54  4:46  Overlord  
  54  4:49  Glial Reconstitution  
  54  4:59  Roach x3  
  60  5:03  Overseer  
  60  5:11  Pneumatized Carapace  
  60  5:13  Drone x7  
  67  5:16  Extractor  
  66  5:27  Drone  
  66  5:28  Drone x2  
  69  5:29  Overlord x4  
  69  5:47  Roach  
  69  5:48  Roach x5  
  69  5:49  Baneling  
  81  5:50  Baneling x2  
  81  5:52  Baneling x2  
  81  5:59  Overseer  
  81  6:01  Roach x3  
  81  6:02  Roach x2  
  91  6:05  Queen  
  93  6:18  Extractor  
  92  6:19  Extractor  
  92  6:21  Roach x3  
  92  6:22  Roach x4  
  92  6:24  Ravager x3  
  108  6:29  Roach x2  
  110  7:01  Roach x6  
  114  7:15  Queen  
  113  7:38  Overlord  
  113  7:52  Overlord x2  
  113  7:56  Queen x2  
  117  8:06  Evolution Chamber x2  
  117  8:07  Drone x2  
  115  8:22  Overseer  
  111  8:48  Drone x2  
  111  8:49  Drone x2  
  111  8:50  Drone x3  
  111  8:51  Drone x9  
  125  9:06  Hydralisk Den  
  125  9:08  Spire  
  122  9:12  Extractor  
  122  9:15  Spine Crawler x2  
  119  9:28  Drone x4  
  119  9:29  Overlord x6  
  123  9:35  Hydralisk  
  123  9:36  Hydralisk  
  125  9:50  Hydralisk x5  
Show
View Real Time Build Order
Export as new Build Order

LilDicky Terran - Winner!

Build Orders: MMM Bio 

Get SALT Encoding   

  12  0:01  SCV  
  13  0:13  SCV  
  14  0:18  Supply Depot  
  14  0:25  SCV  
  15  0:40  SCV  
  16  0:43  Barracks  
  16  0:52  SCV  
  16  0:53  Refinery  
  17  1:04  SCV  
  18  1:16  SCV  
  19  1:28  SCV  
  20  1:38  Reaper  
  21  1:43  Command Center  
  22  1:48  Orbital Command  
  21  2:06  Supply Depot  
  21  2:10  Marine  
  21  2:14  Factory  
  21  2:15  SCV  
  23  2:18  Refinery  
  23  2:26  Bunker  
  22  2:39  SCV  
  23  2:55  SCV  
  23  2:56  Orbital Command  
  23  2:57  Barracks Reactor  
  24  2:59  Widow Mine  
  24  3:02  Barracks  
  26  3:07  SCV, Barracks  
  27  3:19  SCV  
  27  3:26  SCV  
  28  3:27  Bunker  
  28  3:31  SCV  
  29  3:39  SCV  
  29  3:41  Marine  
  32  3:42  Factory Reactor  
  32  3:44  SCV  
  33  3:51  SCV  
  33  3:54  Barracks Tech Lab x2  
  33  3:57  SCV, Starport  
  34  4:05  SCV  
  34  4:06  Marine  
  34  4:08  Marine  
  37  4:13  Stimpack  
  37  4:14  SCV  
  37  4:15  Refinery, Marine  
  37  4:16  Marine  
  40  4:18  SCV  
  40  4:21  Combat Shields  
  40  4:23  Hellion  
  45  4:24  Hellion  
  45  4:26  SCV  
  46  4:37  Supply Depot  
  46  4:38  Supply Depot  
  46  4:39  Starport Reactor  
  46  4:58  Marine x2, Widow Mine x2  
  46  4:59  SCV x2, Marine x2  
  56  5:01  Supply Depot  
  56  5:04  Supply Depot  
  56  5:11  SCV x2  
  58  5:15  Supply Depot  
  58  5:16  Marine x2  
  58  5:17  Marine x2  
  62  5:23  SCV x2  
  62  5:27  Medivac x2  
  68  5:34  Supply Depot, Marine  
  68  5:35  SCV, Marauder x2  
  74  5:46  Liberator x2  
  74  5:57  Marine x2  
  74  5:58  Marauder  
  74  5:59  SCV x2  
  86  6:06  Marine  
  87  6:15  SCV  
  88  6:20  Command Center  
  71  7:09  Marine x3  
  71  7:10  Marauder  
  71  7:12  SCV  
  77  7:16  Command Center  
  77  7:18  Medivac x2  
  77  7:19  Barracks  
  77  7:20  Barracks  
  77  7:21  Barracks  
  77  7:27  Marine x3  
  77  7:31  Marine  
  78  7:45  Marine x2  
  78  7:46  Marauder  
  78  7:49  Marauder  
  84  8:00  Medivac x2  
  84  8:01  Widow Mine x2  
  84  8:02  Marine x2  
  94  8:07  Marauder  
  94  8:10  Marine  
  94  8:12  Marine x3  
  100  8:20  Marine x2  
  98  8:28  Marine  
  98  8:29  Marauder  
  98  8:30  Marine x2  
  101  8:38  Marine x2  
  103  8:46  Marauder  
  102  8:50  Marauder, Marine x2  
  102  8:51  Marine  
  107  8:56  Marine x2  
  109  9:08  Marine x2, Marauder  
  109  9:09  Marine  
  114  9:11  Marauder  
  114  9:14  Marine  
  117  9:19  Engineering Bay, Orbital Command  
  117  9:21  Engineering Bay  
  117  9:25  Command Center  
  117  9:29  Marauder  
  119  9:33  Marauder, Marine x2  
  119  9:38  Orbital Command  
  123  9:40  SCV x2  
  123  9:41  Marine  
  123  9:42  Marine  
  123  9:52  SCV  
Tags
 
Add a new tag
Caveats
  • Supply blocks, unpowered buildings, or Contaminate may cause inaccurate times.
  • Supply counts are checked every 10 seconds.